 Dungeon Crawl Stone Soup version 0.30-a0-457-g4b7bca3bfa (webtiles) character file.

Game seed: 2929948130731040777

2 MackTheKnife the Grasshopper (level 1, 0/14 HPs)
             Began as an Armataur Wanderer on Dec 12, 2022.
             Slain by an adder (3 damage)
             ... on level 2 of the Dungeon.
             The game lasted 00:00:34 (44 turns).

MackTheKnife the Grasshopper (Armataur Wanderer)      Turns: 44, Time: 00:00:34

Health: 0/14       AC:  4    Str: 18    XL:     1   Next: 33%
Magic:  2/2        EV:  9    Int: 14    God:
Gold:   0          SH:  0    Dex:  6    Spells: 2/2 levels left

rFire   . . .      SeeInvis .    a - +0 dagger {short}
rCold   . . .      Faith    .    (no shield)
rNeg    . . .      Spirit   .    d - +0 leather armour
rPois   .          Reflect  .    (no helmet)
rElec   .          Harm     .    (no cloak)
rCorr   .          Roll     +    (no gloves)
Will    .....                    (no barding)
Stlth   +.........               (no amulet)
HPRegen 0.22/turn                (no ring)
MPRegen 0.08/turn                (no ring)

@: no status effects
A: large, rugged brown scales 3, deformed body, armoured tail, roll, long
tongue, awkward tongue
a: no special abilities


You were on level 2 of the Dungeon.
You visited 1 branch of the dungeon, and saw 2 of its levels.


Innate Abilities, Weirdness & Mutations

You are completely covered in rugged brown scales. (AC +3, +7% HP)
Armour fits poorly on your strangely shaped body.
You have a long armoured tail.
You roll when moving toward enemies. (Rampage)
Your long tongue fully drains potion bottles. (2x potion effects)
Your tongue gives you trouble enunciating. (1.5x scroll delay)


   Skills:
 - Level 1.7 Throwing
 - Level 1.1 Stealth
 + Level 1.1 Spellcasting
 + Level 1.7 Summonings
 - Level 3.0 Translocations
 - Level 1.0 Evocations


You had 2 spell levels left.
You didn't know any spells.
Your spell library contained the following spells:

 Spells                   Type           Power      Damage    Failure   Level
 Apportation              Tloc           18%        N/A       9%          1
 Summon Small Mammal      Summ           20%        N/A       16%         1
 Momentum Strike          Conj/Tloc      8%         3d8       26%         2
 Gell's Gravitas          Tloc           9%         N/A       26%         3
 Call Canine Familiar     Summ           5%         N/A       43%         3

Inventory:

Hand Weapons
 a - a +0 dagger (weapon) {short}
Missiles
 b - 6 poisoned darts (quivered) {throwing}
Armour
 d - a +0 leather armour (worn)
Scrolls
 c - a scroll of silence {!r}

Dungeon Overview and Level Annotations

Branches:
Dungeon (1/15) Zot: 11955

Altars:

.># #.# #.# #
#.# .# ... ..
##########.##.#
#.......##....#
#.###.####.####
#.....@SS..(#
#..#####.##.#
#.. ...# # #..
#..# ##. #..#
.. #..# ## #..#
...


You could see 2 adders.


Message History

The giant cockroach bites you but does no damage. 😕 HP[-2]
You take 2 damage, and now have 12/14 hp.
You barely miss the giant cockroach.
You tail-slap the giant cockroach, but do no damage.
The giant cockroach barely misses you. 😕 HP[+1]
You hit the giant cockroach.
You kill the giant cockroach!
A ball python comes into view.
You see here a giant cockroach corpse. 😎 HP[+1]
Your hp is fully restored (14).
A ball python is nearby!
An adder comes into view.
The adder hisses angrily.
You hear an angry hiss.
An adder comes into view.
Found a stone staircase leading down.
The adder barely misses you.
Unknown command.
Okay, then.
You aren't carrying any potions.
Unknown command.
The adder attacks as you move away! The adder bites you.
You are poisoned.
The adder poisons you!
You feel sick. 😮 HP[-4]
You take 4 damage, and now have 10/14 hp.
MASSIVE DAMAGE!! (PAUSE)
You feel sick.
You see here a giant cockroach corpse. 😮 HP[-1]
You take 1 damage, and now have 9/14 hp.
Unknown command.
Throw: 13 darts (poison) {throwing}
Press: ? - help, Q - select action Shift-Dir - straight line, f - adder
Aim: an adder (26% to hit)
You throw a poisoned dart {throwing}.
The poisoned dart {throwing} closely misses the adder.
You feel sick. The adder bites you.
* * * LOW HITPOINT WARNING * * *
😨 HP[-2]
You take 2 damage, and now have 7/14 hp.
Throw: 12 darts (poison) {throwing}
Press: ? - help, Q - select action Shift-Dir - straight line, f/p - adder
Aim: an adder (26% to hit)
You throw a poisoned dart {throwing}.
The poisoned dart {throwing} closely misses the adder.
The poisoned dart {throwing} hits the ball python.
The ball python is poisoned.
You feel sick.
You are no longer poisoned.
The adder bites you.
* * * LOW HITPOINT WARNING * * *
The adder bites you but does no damage. 😨 HP[-3]
You take 3 damage, and now have 4/14 hp.
MASSIVE DAMAGE!! (PAUSE) Throw: 11 darts (poison) {throwing}
Press: ? - help, Q - select action Shift-Dir - straight line, f/p - adder
Aim: an adder (26% to hit)
You throw a poisoned dart {throwing}.
The poisoned dart {throwing} hits the adder.
The adder is poisoned.
The adder barely misses you.
Throw: 10 darts (poison) {throwing}
Press: ? - help, Q - select action Shift-Dir - straight line, f/p - adder
Aim: an adder (moderately wounded, poisoned, 26% to hit)
You throw a poisoned dart {throwing}.
The poisoned dart {throwing} closely misses the adder.
The poisoned dart {throwing} closely misses the adder.
You kill the ball python!
The adder bites you but does no damage. 😨 HP[+1] Throw: 9 darts (poison) {throwing}
Press: ? - help, Q - select action Shift-Dir - straight line, f/p - adder
Aim: an adder (moderately wounded, poisoned, 26% to hit)
You throw a poisoned dart {throwing}.
The poisoned dart {throwing} barely misses the adder.
The poisoned dart {throwing} closely misses the adder.
The adder bites you.
* * * LOW HITPOINT WARNING * * *
😱 HP[-2]
You take 2 damage, and now have 3/14 hp.
Throw: 8 darts (poison) {throwing}
Press: ? - help, Q - select action Shift-Dir - straight line, f/p - adder
Aim: an adder (moderately wounded, poisoned, 26% to hit)
You throw a poisoned dart {throwing}.
The poisoned dart {throwing} misses the adder.
The poisoned dart {throwing} closely misses the adder.
The adder barely misses you.
Unknown command.
Throw: 7 darts (poison) {throwing}
Press: ? - help, Q - select action Shift-Dir - straight line, f/p - adder
Aim: an adder (moderately wounded, poisoned, 26% to hit)
You throw a poisoned dart {throwing}.
The poisoned dart {throwing} closely misses the adder.
The poisoned dart {throwing} hits the adder.
The adder is poisoned.
The adder bites you.
You die...

Action                   || total
-------------------------++-------
Melee: Dagger            ||    15
       Tailslap          ||     1
Throw: Dart              ||     7
Armor: Leather armour    ||     9
Dodge: Dodged            ||    11

Levels and vault maps discovered:
D:1:      ebering_trefoil_twist, layout_loops_ring,
          dreamdust_ecumenical_altar_drowned_temple,
          minmay_misc_feat_more_columns, minmay_misc_feat_x, st_stairs_4
D:2:      layout_basic, hangedman_glass_teeth, minmay_indecisive_spiral

Notes
Turn   | Place    | Note
-------+----------+-------------------------------------------
     0 | D:1      | MackTheKnife the Armataur Wanderer began the quest for the
                  | Orb.
     0 | D:1      | MackTheKnife set off with the following items: a +0 dagger
                  | {short}, 13 poisoned darts {throwing}, a scroll of silence
                  | {!r}, a +0 leather armour; and the following spells
                  | available to memorise: Apportation, Summon Small Mammal,
                  | Momentum Strike, Gell's Gravitas, Call Canine Familiar.
     0 | D:1      | Reached XP level 1. HP: 14/14 MP: 2/2
     0 | D:1      | magus.rc [v1.9.6]
    11 | D:1      | You fall into a shaft and drop 1 floor!
    42 | D:2      | HP: 3/14 [adder (2)]
    44 | D:2      | Slain by an adder

Vanquished Creatures
  A ball python (D:2)
  A giant cockroach (D:2)
2 creatures vanquished.

Table legend:
 A = Non-vault XP
 B = Vault XP
 C = Vault XP percentage of total XP
 D = Non-vault monster count
 E = Vault monster count
 F = Vault count percentage of total count
                 A         B        C        D         E       F
            +---------+---------+-------+---------+---------+-------
      Total |       4 |       0 |   0.0 |       2 |       0 |   0.0
            +---------+---------+-------+---------+---------+-------
        D:2 |       4 |       0 |   0.0 |       2 |       0 |   0.0
            +---------+---------+-------+---------+---------+-------

Illustrated notes

Table legend:
 A = Kills in this place as a percentage of kills in entire the game.
 B = Kills by you in this place as a percentage of kills by you in the entire game.
 C = Kills by friends in this place as a percentage of kills by friends in the entire game.
 D = Other kills in this place as a percentage of other kills in the entire game.
 E = Experience gained in this place as a percentage of experience gained in the entire game.
 F = Experience gained in this place divided by the number of levels of this place that you have seen.
                   A       B       C       D       E      F
               +-------+-------+-------+-------+-------+----------------------
         Total | 100.0 | 100.0 |   N/A |   N/A | 100.0 |   2.0
       Dungeon | 100.0 | 100.0 |   N/A |   N/A | 100.0 |   2.0
               +-------+-------+-------+-------+-------+----------------------

Table legend: (Time is in decaauts)
 A = Elapsed time spent in this place.
 B = Non-inter-level travel time spent in this place.
 C = Inter-level travel time spent in this place.
 D = Time resting spent in this place.
 E = Time spent auto-exploring this place.
 F = Levels seen in this place.
 G = Mean time per level.
                   A        B        C        D        E       F      G
               +--------+--------+--------+--------+--------+-----+--------+
         Total |     43 |     43 |      0 |      0 |     14 |   2 |   21.5 |
       Dungeon |     43 |     43 |      0 |      0 |     14 |   2 |   21.5 |
               +--------+--------+--------+--------+--------+-----+--------+

Top non-repeatable levels by time:
     D:2: 32 daAuts
     D:1: 11 daAuts
